[ AOE2 MATCH · #495188435 ]
UnrankedDravidians vs Wu
Player's team · LOSS
Rival team · WIN
[ REPLAY ANALYSIS · EXTRACTED FROM THE RECORDED GAME ]
Feudal
11:25
Castle
21:59
Imperial
41:56
| APM avg | 41.0 |
| APM peak | 83 |
| eAPM avg | 21.3 |
| Villagers / military | 195 / 344 |
Focus
⚔️ 42.6% · 🌾 57.4%
Archer ×127 · Skirmisher ×104 · Urumi Swordsman ×48 · Spearman ×29 · Fishing Ship ×20 · Bombard Cannon ×16
Feudal
10:02
Castle
23:10
Imperial
40:58
| APM avg | 55.5 |
| APM peak | 105 |
| eAPM avg | 29.3 |
| Villagers / military | 198 / 362 |
Focus
⚔️ 57.4% · 🌾 42.6%
Scout Cavalry ×195 · Archer ×142 · Unknown (1974) ×130 · Fishing Ship ×22 · Unknown (1942) ×21 · Unknown (2626) ×16
Match map
Initial resources + every placement click. Lines = walls · curves = elevation contours. ◆ gold · ⬟ stone · ● berries · ✦ relic · ◌ wall gap
Your base· Open — 3t gap
DS_VARVAGOD's base· Open — unwalled flank
Smoothed initial terrain · ◌ = detected wall gap · hover for details
Inputs per minute
— Jrfear - - DS_VARVAGOD
Build order — Jrfear
First 150 of 574 actions detected
| 0:00 | Create | Villager (Male) |
| 0:01 | Create | Villager (Male) |
| 0:01 | Create | Villager (Male) |
| 0:02 | Build | House |
| 0:03 | Build | House |
| 0:13 | Create | Villager (Male) |
| 0:14 | Create | Villager (Male) |
| 1:33 | Create | Villager (Male) |
| 1:33 | Create | Villager (Male) |
| 1:55 | Build | Lumber Camp |
| 1:58 | Create | Villager (Male) |
| 1:58 | Create | Villager (Male) |
| 2:28 | Create | Villager (Male) |
| 2:28 | Create | Villager (Male) |
| 2:28 | Create | Villager (Male) |
| 2:49 | Create | Villager (Male) |
| 2:50 | Create | Villager (Male) |
| 3:13 | Create | Villager (Male) |
| 3:13 | Create | Villager (Male) |
| 3:37 | Build | House |
| 3:42 | Create | Villager (Male) |
| 3:42 | Create | Villager (Male) |
| 3:43 | Create | Villager (Male) |
| 3:59 | Create | Villager (Male) |
| 3:59 | Create | Villager (Male) |
| 4:30 | Create | Villager (Male) |
| 4:30 | Create | Villager (Male) |
| 4:33 | Build | Dock |
| 4:46 | Build | Palisade Wall |
| 4:47 | Build | Palisade Wall |
| 4:52 | Create | Villager (Male) |
| 4:52 | Create | Villager (Male) |
| 5:02 | Create | Villager (Male) |
| 5:03 | Create | Villager (Male) |
| 5:09 | Build | House |
| 5:26 | Create | Fishing Ship |
| 5:40 | Research | Loom |
| 5:43 | Create | Villager (Male) |
| 6:06 | Research | Loom |
| 6:08 | Create | Fishing Ship |
| 6:49 | Create | Fishing Ship |
| 6:50 | Create | Villager (Male) |
| 6:54 | Create | Villager (Male) |
| 7:25 | Create | Fishing Ship |
| 7:26 | Create | Villager (Male) |
| 8:03 | Create | Fishing Ship |
| 8:05 | Create | Villager (Male) |
| 8:15 | Create | Fishing Ship |
| 8:16 | Create | Villager (Male) |
| 8:41 | Build | House |
| 8:42 | Build | Palisade Wall |
| 9:15 | Research | Feudal Age |
| 9:26 | Build | Mill |
| 9:45 | Build | Palisade Wall |
| 9:55 | Create | Villager (Male) |
| 10:00 | Create | Fishing Ship |
| 10:20 | Build | Mining Camp |
| 10:21 | Create | Villager (Male) |
| 10:45 | Build | Palisade Wall |
| 10:49 | Build | House |
| 10:51 | Build | Palisade Wall |
| 10:54 | Build | Palisade Wall |
| 11:05 | Build | Dock |
| 11:06 | Create | Fishing Ship |
| 11:13 | Create | Villager (Male) |
| 11:25 | Age | Feudal Age |
| 11:32 | Build | Barracks |
| 11:44 | Create | Villager (Male) |
| 11:55 | Create | Villager (Male) |
| 12:13 | Research | Double-Bit Axe |
| 12:16 | Build | Archery Range |
| 12:19 | Create | Demolition Raft |
| 12:24 | Build | Palisade Wall |
| 12:26 | Build | House |
| 12:42 | Create | Villager (Male) |
| 12:44 | Create | Fishing Ship |
| 12:47 | Create | Fishing Ship |
| 12:49 | Build | House |
| 13:20 | Create | Archer |
| 13:30 | Build | Blacksmith |
| 13:37 | Build | House |
| 13:42 | Create | Villager (Male) |
| 13:48 | Build | House |
| 13:54 | Create | Archer |
| 14:06 | Create | Archer |
| 14:10 | Build | House |
| 14:15 | Build | House |
| 14:25 | Create | Villager (Male) |
| 14:27 | Build | Archery Range |
| 14:28 | Research | Fletching |
| 14:29 | Create | Villager (Male) |
| 14:43 | Build | Palisade Wall |
| 14:48 | Build | Palisade Wall |
| 14:56 | Create | Archer |
| 14:56 | Create | Archer |
| 15:09 | Create | Archer |
| 15:09 | Create | Archer |
| 15:11 | Research | Padded Archer Armor |
| 15:19 | Create | Skirmisher |
| 15:20 | Create | Skirmisher |
| 15:36 | Build | House |
| 15:48 | Create | Archer |
| 15:59 | Build | Palisade Gate |
| 16:02 | Create | Skirmisher |
| 16:02 | Create | Skirmisher |
| 16:07 | Create | Villager (Male) |
| 16:25 | Create | Archer |
| 16:26 | Create | Archer |
| 16:27 | Create | Fishing Ship |
| 16:47 | Create | Archer |
| 16:47 | Create | Archer |
| 16:48 | Create | Villager (Male) |
| 16:53 | Build | House |
| 17:16 | Create | Villager (Male) |
| 17:18 | Create | Fishing Ship |
| 17:38 | Build | House |
| 17:40 | Build | Palisade Wall |
| 17:41 | Build | Palisade Wall |
| 18:04 | Build | Palisade Wall |
| 18:11 | Create | Archer |
| 18:11 | Create | Archer |
| 18:16 | Create | Villager (Male) |
| 18:20 | Build | House |
| 18:43 | Create | Archer |
| 18:43 | Create | Archer |
| 18:54 | Build | House |
| 18:58 | Build | Mining Camp |
| 19:19 | Research | Castle Age |
| 19:20 | Create | Archer |
| 19:20 | Create | Archer |
| 19:21 | Create | Archer |
| 19:21 | Create | Archer |
| 19:40 | Create | Villager (Male) |
| 20:03 | Create | Archer |
| 20:03 | Create | Archer |
| 20:22 | Create | Archer |
| 20:22 | Create | Archer |
| 20:25 | Create | Villager (Male) |
| 20:32 | Build | Palisade Wall |
| 20:39 | Create | Archer |
| 20:40 | Create | Archer |
| 20:42 | Create | Villager (Male) |
| 20:49 | Create | Fishing Ship |
| 21:21 | Create | Villager (Male) |
| 21:53 | Create | Fishing Ship |
| 21:55 | Create | Fishing Ship |
| 21:59 | Age | Castle Age |
| 22:04 | Research | Crossbowman (upgrade) |
| 22:06 | Research | Bodkin Arrow |
| 22:14 | Create | Fishing Ship |
Build order — DS_VARVAGOD
First 150 of 709 actions detected
| 0:01 | Create | Villager (Male) |
| 0:01 | Create | Villager (Male) |
| 0:02 | Build | House |
| 0:02 | Build | House |
| 0:07 | Create | Villager (Male) |
| 0:07 | Create | Villager (Male) |
| 1:28 | Create | Villager (Male) |
| 1:29 | Create | Villager (Male) |
| 1:46 | Build | Lumber Camp |
| 2:00 | Create | Villager (Male) |
| 2:04 | Create | Villager (Male) |
| 2:04 | Create | Villager (Male) |
| 2:54 | Create | Villager (Male) |
| 2:54 | Create | Villager (Male) |
| 3:25 | Create | Villager (Male) |
| 3:25 | Create | Villager (Male) |
| 3:47 | Create | Villager (Male) |
| 4:03 | Build | House |
| 4:05 | Create | Villager (Male) |
| 4:29 | Build | Dock |
| 4:40 | Create | Villager (Male) |
| 4:40 | Create | Villager (Male) |
| 5:07 | Create | Villager (Male) |
| 5:14 | Build | House |
| 5:17 | Create | Fishing Ship |
| 5:36 | Build | Palisade Wall |
| 5:59 | Create | Villager (Male) |
| 5:59 | Create | Villager (Male) |
| 6:00 | Create | Fishing Ship |
| 6:00 | Create | Fishing Ship |
| 6:08 | Create | Villager (Male) |
| 6:22 | Create | Villager (Male) |
| 6:34 | Create | Villager (Male) |
| 6:35 | Create | Villager (Male) |
| 6:39 | Create | Fishing Ship |
| 7:07 | Build | Barracks |
| 7:20 | Build | House |
| 7:51 | Research | Feudal Age |
| 8:04 | Create | Militia |
| 8:06 | Build | Mining Camp |
| 8:22 | Create | Villager (Male) |
| 8:24 | Create | Militia |
| 8:35 | Create | Fishing Ship |
| 8:36 | Create | Fishing Ship |
| 8:48 | Create | Militia |
| 9:06 | Create | Fishing Ship |
| 9:48 | Create | Villager (Male) |
| 10:02 | Age | Feudal Age |
| 10:04 | Build | Archery Range |
| 10:06 | Research | Double-Bit Axe |
| 10:12 | Research | Man-at-Arms (upgrade) |
| 10:50 | Create | Villager (Male) |
| 10:59 | Build | House |
| 11:09 | Create | Archer |
| 11:09 | Create | Archer |
| 11:28 | Create | Villager (Male) |
| 11:32 | Build | Mill |
| 11:34 | Create | Archer |
| 11:43 | Build | House |
| 11:50 | Build | House |
| 11:51 | Create | Villager (Male) |
| 12:00 | Create | Archer |
| 12:06 | Build | House |
| 12:08 | Build | House |
| 12:12 | Build | Blacksmith |
| 12:13 | Create | Villager (Male) |
| 12:20 | Create | Villager (Male) |
| 12:21 | Create | Archer |
| 12:21 | Create | Archer |
| 12:38 | Create | Archer |
| 12:57 | Create | Villager (Male) |
| 12:58 | Create | Villager (Male) |
| 12:59 | Create | Archer |
| 13:02 | Build | House |
| 13:02 | Build | House |
| 13:03 | Build | House |
| 13:04 | Build | House |
| 13:18 | Create | Archer |
| 13:19 | Create | Villager (Male) |
| 13:21 | Research | Fletching |
| 13:30 | Build | House |
| 13:31 | Build | House |
| 13:41 | Create | Archer |
| 13:43 | Create | Villager (Male) |
| 13:43 | Create | Villager (Male) |
| 13:47 | Build | Farm |
| 13:48 | Build | Farm |
| 13:48 | Build | Farm |
| 13:48 | Build | Farm |
| 13:48 | Build | Farm |
| 13:48 | Build | Farm |
| 14:00 | Create | Spearman |
| 14:02 | Create | Militia |
| 14:13 | Create | Archer |
| 14:13 | Create | Villager (Male) |
| 14:16 | Build | House |
| 14:20 | Create | Villager (Male) |
| 14:22 | Build | Farm |
| 14:52 | Create | Villager (Male) |
| 14:53 | Create | Archer |
| 14:54 | Create | Militia |
| 14:58 | Research | Scale Mail Armor |
| 15:02 | Create | Spearman |
| 15:03 | Create | Militia |
| 15:06 | Create | Villager (Male) |
| 16:05 | Create | Militia |
| 16:06 | Create | Archer |
| 16:38 | Create | Villager (Male) |
| 16:38 | Create | Archer |
| 16:41 | Build | Farm |
| 16:41 | Build | Farm |
| 16:41 | Build | Farm |
| 16:41 | Build | Farm |
| 16:41 | Build | Farm |
| 17:02 | Create | Militia |
| 17:03 | Create | Militia |
| 17:04 | Create | Archer |
| 17:23 | Create | Militia |
| 17:24 | Create | Archer |
| 17:25 | Create | Villager (Male) |
| 17:26 | Research | Loom |
| 17:26 | Create | Villager (Male) |
| 17:27 | Create | Villager (Male) |
| 17:28 | Build | Farm |
| 17:37 | Create | Villager (Male) |
| 17:39 | Build | House |
| 17:42 | Build | Palisade Wall |
| 17:45 | Create | Villager (Male) |
| 17:52 | Create | Villager (Male) |
| 18:09 | Build | Palisade Wall |
| 18:11 | Create | Villager (Male) |
| 18:16 | Create | Villager (Male) |
| 18:19 | Create | Militia |
| 18:47 | Create | Villager (Male) |
| 18:48 | Create | Archer |
| 18:49 | Create | Archer |
| 18:55 | Build | Dock |
| 19:07 | Create | Archer |
| 19:08 | Create | Militia |
| 19:08 | Create | Militia |
| 19:10 | Build | House |
| 19:27 | Create | Villager (Male) |
| 19:29 | Build | House |
| 19:29 | Build | House |
| 19:33 | Build | House |
| 19:34 | Build | Palisade Wall |
| 20:25 | Create | Villager (Male) |
| 20:28 | Research | Castle Age |
| 20:44 | Build | Barracks |
| 20:46 | Build | Barracks |
Match timeline
| 4:29 | DS_VARVAGOD · first_building Dock |
| 4:33 | Jrfear · first_building Dock |
| 4:46 | Jrfear · wall_segment Palisade Wall x1 |
| 4:47 | Jrfear · wall_segment Palisade Wall x1 |
| 5:36 | DS_VARVAGOD · wall_segment Palisade Wall x3 |
| 7:07 | DS_VARVAGOD · first_building Barracks |
| 8:42 | Jrfear · wall_segment Palisade Wall x5 |
| 9:45 | Jrfear · wall_segment Palisade Wall x9 |
| 10:02 | DS_VARVAGOD · age_up feudal |
| 10:04 | DS_VARVAGOD · first_building Archery Range |
| 10:45 | Jrfear · wall_segment Palisade Wall x1 |
| 10:51 | Jrfear · wall_segment Palisade Wall x1 |
| 10:54 | Jrfear · wall_segment Palisade Wall x1 |
| 11:25 | Jrfear · age_up feudal |
| 11:32 | Jrfear · first_building Barracks |
| 12:16 | Jrfear · first_building Archery Range |
| 12:24 | Jrfear · wall_segment Palisade Wall x1 |
| 14:43 | Jrfear · wall_segment Palisade Wall x1 |
| 14:48 | Jrfear · wall_segment Palisade Wall x7 |
| 17:40 | Jrfear · wall_segment Palisade Wall x6 |
| 17:41 | Jrfear · wall_segment Palisade Wall x1 |
| 17:42 | DS_VARVAGOD · wall_segment Palisade Wall x14 |
| 18:04 | Jrfear · wall_segment Palisade Wall x1 |
| 18:09 | DS_VARVAGOD · wall_segment Palisade Wall x9 |
| 19:34 | DS_VARVAGOD · wall_segment Palisade Wall x7 |
| 20:32 | Jrfear · wall_segment Palisade Wall x1 |
| 20:55 | DS_VARVAGOD · wall_segment Palisade Wall x8 |
| 21:01 | DS_VARVAGOD · wall_segment Palisade Wall x3 |
| 21:59 | Jrfear · age_up castle |
| 23:10 | DS_VARVAGOD · age_up castle |
| 23:40 | DS_VARVAGOD · wall_segment Palisade Wall x1 |
| 23:42 | DS_VARVAGOD · wall_segment Palisade Wall x1 |
| 23:43 | DS_VARVAGOD · wall_segment Palisade Wall x1 |
| 24:11 | Jrfear · wall_segment Palisade Wall x1 |
| 25:06 | Jrfear · wall_segment Palisade Wall x6 |
| 25:19 | Jrfear · first_building Castle |
| 25:49 | Jrfear · wall_segment Stone Wall x1 |
| 26:34 | DS_VARVAGOD · first_building Siege Workshop |
| 26:45 | Jrfear · wall_segment Stone Wall x9 |
| 27:00 | Jrfear · wall_segment Stone Wall x7 |
| 28:13 | Jrfear · wall_segment Stone Wall x13 |
| 28:31 | Jrfear · first_market_buy 100 food |
| 30:05 | Jrfear · wall_segment Palisade Wall x1 |
| 32:41 | Jrfear · first_building Siege Workshop |
| 32:49 | DS_VARVAGOD · wall_segment Stone Wall x1 |
| 32:50 | DS_VARVAGOD · wall_segment Stone Wall x6 |
| 33:50 | Jrfear · wall_segment Stone Wall x1 |
| 33:52 | Jrfear · wall_segment Stone Wall x1 |
| 33:54 | Jrfear · wall_segment Stone Wall x1 |
| 35:25 | Jrfear · first_building Monastery |
| 35:40 | DS_VARVAGOD · first_building Monastery |
| 36:42 | DS_VARVAGOD · first_building Castle |
| 38:45 | Jrfear · first_market_sell 100 stone |
| 40:58 | DS_VARVAGOD · age_up imperial |
| 41:53 | DS_VARVAGOD · wall_segment Stone Wall x5 |
| 41:56 | DS_VARVAGOD · wall_segment Stone Wall x10 |
| 41:56 | Jrfear · age_up imperial |
| 42:08 | DS_VARVAGOD · wall_segment Stone Wall x4 |
| 42:11 | DS_VARVAGOD · wall_segment Stone Wall x1 |
| 43:18 | Jrfear · wall_segment Stone Wall x17 |
| 43:53 | DS_VARVAGOD · first_market_sell 100 stone |
| 43:54 | DS_VARVAGOD · first_market_buy 100 wood |
| 45:35 | Jrfear · wall_segment Stone Wall x1 |
| 51:31 | DS_VARVAGOD · first_building Stable |
| 55:26 | Jrfear · first_building Stable |
| 62:57 | Jrfear · resign |
[ AI ANALYSIS · 1 CREDIT ]
What really happened in this match?
Wolo.gg analyzes every decision: build order, eco, micro, common mistakes by bracket. Personalized analysis on WhatsApp or Discord in 30 seconds.
Civ guide
Dravidians
Perfil
Jrfear